 Dungeon Crawl Stone Soup version 0.16.1-11-g651b585 (webtiles) character file.

8885 Sachiko the Grappler (level 11, -3/107 HPs)
             Began as a Troll Monk on Mar 31, 2015.
             Was an Initiate of Ru.
             Slain by a wolf (7 damage)
             ... on level 2 of the Lair of Beasts.
             The game lasted 00:38:07 (8617 turns).

Sachiko the Grappler (Troll Monk)                   Turns: 8617, Time: 00:38:08

Health: -3/107     AC:  4    Str: 27    XL:     11   Next: 15%
Magic:  1/4        EV: 13    Int:  6    God:    Ru [......]
Gold:   431        SH: 18    Dex: 13    Spells: 0 memorised, 10 levels left

rFire  . . .     SeeInvis .       - Unarmed
rCold  . . .     Clarity  +     a - +0 robe
rNeg   . . .     SustAb   .     c - +1 large shield
rPois  +         Gourm    +     (helmet restricted)
rElec  +         Spirit   .     (no cloak)
rCorr  .         Warding  .     (gloves unavailable)
rMut   .         Stasis   .     (boots unavailable)
MR     .....                    k - amulet of clarity (curse)
Stlth  ..........               j - +6 ring of strength
                                h - ring of teleport control

@: exhausted, slowed, very slow, not resistant to hostile enchantments,
extremely unstealthy
A: unfitting armour, antennae 1, claws 3, repulsion field 1, deformed body, fast
metabolism 3, gourmand, poison resistance, regeneration 2, shaggy fur 1,
electricity resistance, tough skin 2, weak 1, no stealth, MP-powered wands 1
a: Sacrifice Words, Sacrifice Skill, Sacrifice Health, Reject Sacrifices,
Renounce Religion, Evoke Teleport Control


You were on level 2 of the Lair of Beasts.
You worshipped Ru.
Ru was noncommittal.
You were full.

You visited 3 branches of the dungeon, and saw 12 of its levels.

You collected 431 gold pieces.

Inventory:

Armour
 a - a +0 robe (worn)
 c - a +1 large shield (worn)
Jewellery
 h - a ring of teleport control (left claw)
 j - a +6 ring of strength (right claw)
 k - a cursed amulet of clarity (around neck)
 w - an uncursed ring of protection from fire
Magical devices
 q - a wand of polymorph (9)
 y - a wand of lightning (4)
 A - a wand of polymorph (7)
 B - a wand of enslavement (22)
Scrolls
 i - a scroll of fog
 p - a scroll of identify
 u - a scroll of amnesia
 v - 3 scrolls of enchant armour
 x - a scroll of remove curse
Potions
 d - 5 potions of resistance
 e - 3 potions of restore abilities
 g - 4 potions of curing
 n - 3 potions of agility
 s - 4 potions of brilliance
Books
 f - a book of Fire

   Spells                             Type                      Level
   a - Ignite Poison                  Fire/Transmutation           5
   b - Fireball                       Conjuration/Fire             5
   c - Bolt of Fire                   Conjuration/Fire             6
   d - Delayed Fireball               Conjuration/Fire             7
   e - Ring of Flames                 Charms/Fire                  7
Comestibles
 b - a meat ration
 l - 2 royal jellies
 m - 6 beef jerkies
 r - a slice of pizza
 z - 8 bread rations


   Skills:
 + Level 6.5 Fighting
 + Level 8.8 Dodging
 + Level 7.3 Shields
 + Level 9.6 Unarmed Combat


You had 10 spell levels left.
You didn't know any spells.

Dungeon Overview and Level Annotations

Branches:
Dungeon (9/15)             Temple (1/1) D:7            Lair (2/8) D:8
    Orc: D:9-12

Altars:
Ashenzari
Cheibriados
Dithmenos
Elyvilon
Fedhas
Gozag
Kikubaaqudgha
Makhleb
Nemelex Xobeh
Okawaru
Qazlal
Ru
Sif Muna
Trog
Vehumet
Xom
Yredelemnul
Zin
The Shining One

Shops:
D:4 [::?


Innate Abilities, Weirdness & Mutations

You are too large for most types of armour.
You have claws for hands.
Your metabolism is lightning-fast.
You like to eat raw meat.
You heal very quickly.
You are covered in fur (AC +1).
You have very tough skin (AC +2).
You cannot be stealthy.
You have a pair of small antennae on your head.
You are surrounded by a mild repulsion field (EV +2).
Armour fits poorly on your strangely shaped body.
Your system is resistant to poisons.
You are resistant to electric shocks.
You are weak. (Str -2)
You expend magic power (3 MP) to slightly strengthen your wands.


Message History

You block the wolf's attack. The wolf bites you!
* * * LOW HITPOINT WARNING * * *
You block the wolf's attack. The wolf completely misses you.
You block the wolf's attack. x2
You block the wolf's attack. x2
The wolf bites you.
* * * LOW HITPOINT WARNING * * *
You block the wolf's attack. The wolf barely misses you. The wolf bites you.
* * * LOW HITPOINT WARNING * * *
Unknown command.
Read which item? (? for menu, Esc to quit)
Okay, then.
Evoke which item? (* to show all) (? for menu, Esc to quit)
Zapping:
B - a wand of enslavement {recharged} (will waste charges)
Press: ? - help, Shift-Dir - straight line, f - wolf
Aim: a wolf (chance 48%)
The wolf resists with some effort.
Evoking this partially-identified wand wasted a few charges.
You block the wolf's attack. The wolf misses you. The wolf bites you!
You die...
P PP.......

#..# .........P.P##≈.......# #...
............###≈≈##....##.....
.............###≈≈#.............
....... ......#..###.............
≈P.... #.......................
#...###...P..............§§...
♣....P#.....h............§§≈≈≈
♣..........h@........)<..≈≈≈§
..≈≈≈♣.........hh.......))...≈≈≈≈
..≈ ♣♣.P...#...P...♣♣♣..♣...♣♣♣.
. ♣♣#P...#..#♣♣P♣♣.♣.♣P♣...♣ ≈≈
♣.##...#..♣♣.♣...8..♣P♣.♣♣ .≈≈
♣......♣..♣♣♣§♣♣..)..♣♣♣.♣
...P≈♣♣.#...#♣♣♣.♣)P♣♣♣P♣♣.♣ ♣♣
..≈≈≈♣........♣♣.P.♣♣ ..♣ ♣..
..≈≈≈♣♣♣...##..♣♣.♣♣ .8♣ ♣.


You could see 4 wolves.

Vanquished Creatures
  Harold (Lair:1)
  Pikel (D:4)
  A black mamba (Lair:1)
  A spiny frog (Lair:1)
  A two-headed ogre (D:8)
  5 spriggans (Lair:2)
  13 yaks (Lair:1)
  A basilisk (Lair:1)
  3 hippogriffs
  A wolf (Lair:2)
  An ice beast (D:9)
  A water moccasin (Lair:1)
  3 slaves
  7 ogres
  2 porcupines (Lair:1)
  An orc warrior (D:9)
  3 phantoms
  A sky beast (D:8)
  5 crocodiles
  3 centaurs
  The ghost of SaintRoka the Conjurer, an average GrCj (D:3)
  3 giant frogs
  A scorpion (D:7)
  A giant frog zombie (D:9)
  2 crimson imps
  2 goliath beetles
  A wasp zombie (D:8)
  7 hounds
  A centaur skeleton (D:6)
  2 orc priests (D:6)
  A giant frog skeleton (D:5)
  4 iguanas
  A quasit (D:8)
  3 jellies (D:7)
  2 orc wizards
  6 worker ants
  Natasha (twice) (D:4)
  Ijyb (D:6)
  2 worker ant zombies (D:5)
  9 adders
  14 river rats (Lair:1)
  4 shadow imps
  A giant mite (D:5)
  A worm (D:3)
  An adder skeleton (D:7)
  An adder zombie (D:8)
  An ooze (D:1)
  5 orcs
  A ball python (D:1)
  11 bats
  5 giant cockroaches
  12 goblins
  15 hobgoblins
  15 jackals
  4 quokkas
  8 giant geckos
  3 giant newts
  22 kobolds
  12 rats
  A plant (Lair:1)
244 creatures vanquished.

Notes
Turn   | Place    | Note
--------------------------------------------------------------
     0 | D:1      | Sachiko, the Troll Monk, began the quest for the Orb.
     0 | D:1      | Reached XP level 1. HP: 22/22 MP: 1/1
   144 | D:1      | Reached XP level 2. HP: 23/29 MP: 1/1
   501 | D:1      | Reached XP level 3. HP: 36/36 MP: 2/2
  1184 | D:2      | Found a radiant altar of Vehumet.
  1569 | D:3      | Noticed SaintRoka's ghost (average GrCj)
  1598 | D:3      | Killed SaintRoka's ghost
  1598 | D:3      | Reached skill level 5 in Unarmed Combat
  1598 | D:3      | Reached XP level 4. HP: 4/45 MP: 2/2
  1678 | D:3      | Gained mutation: You are resistant to electric shocks. [potion of mutation]
  1678 | D:3      | Gained mutation: You have a pair of small antennae on your head. [potion of mutation]
  1678 | D:3      | Gained mutation: Armour fits poorly on your strangely shaped body. [potion of mutation]
  1725 | D:3      | Reached XP level 5. HP: 47/53 MP: 2/2
  1792 | D:3      | Noticed a phantom
  1820 | D:3      | Killed a phantom
  1886 | D:3      | Gained mutation: You are weak. (Str -2) [potion of mutation]
  1886 | D:3      | Lost mutation: You are weak. (Str -2) [potion of mutation]
  1886 | D:3      | Gained mutation: You are surrounded by a mild repulsion field (EV +2). [potion of mutation]
  2113 | D:3      | Found a shattered altar of Ashenzari.
  2117 | D:3      | Found a deep blue altar of Sif Muna.
  2119 | D:3      | Found an ancient bone altar of Kikubaaqudgha.
  2278 | D:4      | Noticed a slave
  2278 | D:4      | Noticed a slave
  2282 | D:4      | Noticed Pikel
  2282 | D:4      | Noticed a slave
  2296 | D:3      | Killed a slave
  2310 | D:3      | Killed a slave
  2319 | D:4      | Noticed a slave
  2378 | D:4      | Reached XP level 6. HP: 59/61 MP: 3/3
  2419 | D:4      | Found a blossoming altar of Fedhas.
  2469 | D:4      | Found Graikaon's Book Emporium.
  2522 | D:4      | Found Zeosk's Book Shop.
  2522 | D:4      | Found Vac Amig's Armour Boutique.
  2654 | D:4      | Killed a slave
  2693 | D:4      | Killed Pikel
  2693 | D:4      | Reached skill level 5 in Dodging
  2693 | D:4      | Reached skill level 6 in Unarmed Combat
  2693 | D:4      | Reached XP level 7. HP: 54/68 MP: 3/3
  2707 | D:4      | Found Thijask's Magic Scroll Shoppe.
  2763 | D:4      | Noticed Natasha
  2764 | D:4      | Found a shimmering altar of Xom.
  2780 | D:4      | Killed Natasha
  3042 | D:4      | Noticed Natasha
  3048 | D:4      | Found a sparkling altar of Nemelex Xobeh.
  3049 | D:4      | Killed Natasha
  3050 | D:4      | Found an opulent altar of Gozag.
  3136 | D:4      | Reached XP level 8. HP: 68/78 MP: 3/3
  3306 | D:5      | Entered Level 5 of the Dungeon
  3712 | D:5      | Found a blossoming altar of Fedhas.
  3763 | D:5      | Found a stormy altar of Qazlal.
  4151 | D:6      | Noticed Ijyb
  4163 | D:6      | Killed Ijyb
  4199 | D:6      | Found a shimmering altar of Xom.
  4203 | D:6      | Found a shimmering altar of Xom.
  4203 | D:6      | Found a shimmering altar of Xom.
  4203 | D:6      | Found a shimmering altar of Xom.
  4203 | D:6      | Found a shimmering altar of Xom.
  4525 | D:6      | Found a white marble altar of Elyvilon.
  4534 | D:6      | Found an iron altar of Okawaru.
  4535 | D:6      | Found a sacrificial altar of Ru.
  4540 | D:6      | Found a snail-covered altar of Cheibriados.
  4548 | D:6      | Became a worshipper of Ru the Awakened
  4550 | D:6      | Gained mutation: You cannot be stealthy. [Ru sacrifice]
  4857 | D:7      | Found a staircase to the Ecumenical Temple.
  4864 | D:7      | Reached skill level 7 in Unarmed Combat
  4873 | Temple   | Entered the Ecumenical Temple
  5189 | D:7      | Found a glowing golden altar of the Shining One.
  5347 | D:7      | Reached XP level 9. HP: 46/87 MP: 4/4
  5755 | D:8      | Found a staircase to the Lair.
  5769 | D:8      | Reached skill level 5 in Fighting
  5801 | D:8      | Reached skill level 5 in Shields
  6168 | D:8      | Found a bloodstained altar of Trog.
  6417 | D:8      | Reached skill level 8 in Unarmed Combat
  6796 | Lair:1   | Entered Level 1 of the Lair of Beasts
  6851 | Lair:1   | Reached XP level 10. HP: 84/96 MP: 4/4
  7117 | Lair:1   | Noticed a black mamba
  7135 | Lair:1   | Killed a black mamba
  7614 | Lair:1   | Noticed Harold
  7636 | Lair:1   | Killed Harold
  7678 | Lair:1   | Reached skill level 9 in Unarmed Combat
  8394 | Lair:1   | Reached XP level 11. HP: 60/107 MP: 4/4
  8487 | Lair:1   | Gained mutation: You expend magic power (3 MP) to slightly strengthen your wands. [potion of mutation]
  8487 | Lair:1   | Gained mutation: Your system is resistant to poisons. [potion of mutation]
  8487 | Lair:1   | Gained mutation: You are weak. (Str -2) [potion of mutation]
  8614 | Lair:2   | HP: 4/107 [wolf (11)]
  8617 | Lair:2   | Slain by a wolf

Action                   |  1- 3 |  4- 6 |  7- 9 | 10-12 || total
-------------------------+-------+-------+-------+-------++-------
Melee: Unarmed           |   134 |   156 |   512 |   237 ||  1039
Invok: Sacrifice Stealth |       |       |     1 |       ||     1
Evoke: Wand              |       |       |       |     2 ||     2
  Use: Potion            |       |     9 |     6 |     5 ||    20
       Scroll            |       |     5 |     7 |     2 ||    14
 Stab: Sleeping          |     1 |       |       |       ||     1
  Eat: Chunk             |    15 |     4 |    35 |    16 ||    70
       Bread ration      |       |     1 |       |       ||     1
       Beef jerky        |       |       |     1 |       ||     1
       Meat ration       |       |       |     2 |       ||     2
       Pizza             |       |       |     1 |       ||     1
